 Dungeon Crawl Stone Soup version 0.26-a0-1012-gedcf9b2963 (webtiles) character file.

Game seed: 6052112358896596177

54 ANON1729 the Caller (level 3, -10/24 HPs)
             Began as a Vampire Summoner on Dec 7, 2020.
             Killed from afar by an orc wizard (17 damage)
             ... with a bolt of acid
             ... on level 3 of the Dungeon.
             The game lasted 00:02:24 (1418 turns).

ANON1729 the Caller (Vampire Summoner)              Turns: 1418, Time: 00:02:24

Health: -10/24     AC:  2    Str:  7    XL:     3   Next: 66%
Magic:  6/6        EV: 13    Int: 18    God:
Gold:   89         SH:  0    Dex: 14    Spells: 5/6 levels left

rFire    . . .     SeeInvis +   h - +2 dagger (freeze)
rCold    . . .     Faith    +   (no shield)
rNeg     . . .     Spirit   .   a - +0 robe
rPois    .         Reflect  .   (no helmet)
rElec    .         Harm     .   (no cloak)
rCorr    .         Rampage  .   (no gloves)
Will     .....                  (no boots)
Stlth    +++.......             b - amulet of faith
HPRegen  0.28/turn              (no ring)
MPRegen  0.10/turn              (no ring)

@: regenerating quickly
A: fangs 3, see invisible, unbreathing
a: Exsanguinate


You were on level 3 of the Dungeon.
You visited 1 branch of the dungeon, and saw 3 of its levels.

You collected 89 gold pieces.

Inventory:

Hand Weapons
 d - a +0 dagger
 h - a +2 dagger of freezing (weapon)
Missiles
 c - 12 javelins
Armour
 a - a +0 robe (worn)
Jewellery
 b - an amulet of faith (around neck)
 o - an uncursed amulet of magic regeneration {unknown}
Scrolls
 e - 3 scrolls of identify {unknown}
 g - 2 scrolls of magic mapping {unknown}
 k - a scroll of amnesia {unknown}
 l - 2 scrolls of teleportation {unknown}
 n - a scroll of remove curse {unknown}
 p - a scroll of blinking {unknown}
 q - a scroll of enchant armour {unknown}
Potions
 f - 3 potions of curing {unknown}
 i - a potion of mutation {unknown}
 j - a potion of invisibility {unknown}
 m - a potion of attraction {unknown}


   Skills:
 + Level 2.7 Dodging
 + Level 4.0 Stealth
 + Level 2.4 Spellcasting
 * Level 4.5 Summonings


You had 5 spell levels left.
You knew the following spells:

 Your Spells              Type           Power        Failure   Level
a - Summon Small Mammal   Summ           ###.         2%          1

Your spell library contained the following spells:

 Spells                   Type           Power        Failure   Level
 Call Imp                 Summ           ###.....     4%          2
 Call Canine Familiar     Summ           ###.....     9%          3
 Summon Guardian Golem    Hex/Summ       ##......     21%         3
 Summon Ice Beast         Ice/Summ       ##......     56%         4
 Summon Lightning Spire   Summ/Air       ##......     56%         4


Dungeon Overview and Level Annotations

Branches:
Dungeon (3/15)

Altars:

Annotations:
D:3 3 runed translucent doors, Perttuleena's ghost, amateur DsFi


Innate Abilities, Weirdness & Mutations

Your natural rate of healing is unusually fast.
You have razor-sharp teeth.
You have supernaturally acute eyesight. (SInv)
You can survive without breathing.


Message History

You hit the orc wizard. You freeze the orc wizard.
The orc wizard is severely wounded.
The orc wizard hits you with a +0 dagger.
* * * LOW HITPOINT WARNING * * *
Okay, then.
You barely miss the orc wizard.
The orc wizard is severely wounded.
The orc wizard closely misses you.
Perttuleena's ghost whispers, "They're coming for you..."
You closely miss the orc wizard.
The orc wizard is severely wounded.
The orc wizard hits you with a +0 dagger.
* * * LOW HITPOINT WARNING * * *
You bump into the rock wall.
The orc wizard misses you.
You closely miss the orc wizard.
The orc wizard is severely wounded.
You feel less confused.
The orc wizard zaps a wand.
The bolt of acid hits you!
Ouch! That really hurt!
You die...

.#.###.#...##.
.........###. #
#.#........#.
###.##########.#[.##.#####
...........).........#
##.##..#####.##..####
#.##..# #.##.....
..##.....#####.....####
#..........@oo#.....#
#...###+++###.#.###.# ###
#....Wwl#...# #.#
#......g#...# #.#
.#..#.#..#.###
#.#.#...#.#.#
#.#..#.#..#.#
..#...!$(.#.#


You could see a worm, an orc wizard (invisible), Perttuleena's ghost, an orc, a
goblin and a frilled lizard.

Vanquished Creatures
  An adder (D:2)
  An ooze (D:2)
  A dart slug (D:1)
  3 orcs (D:3)
  A ball python (D:1)
  6 bats
  2 giant cockroaches (D:1)
  A goblin (D:1)
  3 hobgoblins
  3 jackals (D:3)
  2 frilled lizards (D:1)
  3 kobolds (D:1)
  3 rats (D:1)
30 creatures vanquished.

Vanquished Creatures (collateral kills)
  A leopard gecko (D:1)
  A bat (D:1)
  A goblin (D:1)
  3 hobgoblins (D:1)
  A frilled lizard (D:1)
  A kobold (D:1)
8 creatures vanquished.

Grand Total: 38 creatures vanquished

Notes
Turn   | Place    | Note
-------+----------+-------------------------------------------
     0 | D:1      | ANON1729 the Vampire Summoner began the quest for the Orb.
     0 | D:1      | Reached XP level 1. HP: 13/13 MP: 3/3
   246 | D:1      | Reached XP level 2. HP: 16/19 MP: 5/5
   818 | D:2      | Reached XP level 3. HP: 24/24 MP: 6/6
  1283 | D:3      | Noticed a moth of wrath
  1397 | D:3      | Found a runed translucent gate.
  1397 | D:3      | Found a runed translucent gate.
  1397 | D:3      | Found a runed translucent gate.
  1399 | D:3      | Noticed Perttuleena's ghost (amateur DsFi)
  1418 | D:3      | Killed from afar by an orc wizard

Illustrated notes

Levels and vault maps discovered:
D:1:      eino_arrival_water_star, layout_basic, minmay_split_cup_small
D:2:      layout_loops_ring
D:3:      layout_loops_cross, gammafunk_ghost_split, tgw_trog

Skill      XL: |  1  2  3 |
---------------+----------+-----
Stealth        | 4 |  4.0
Dodging        | |  2.7
Spellcasting   | |  2.4
Summonings     | |  4.5

Action                   || total
-------------------------++-------
Melee: Unarmed           ||    34
       Dagger            ||    88
       Bite              ||     8
 Cast: Summon Small Mamm ||    10
 Stab: Sleeping          ||    10
Armor: Robe              ||    24
Dodge: Dodged            ||    91

Table legend: (Time is in decaauts)
 A = Elapsed time spent in this place.
 B = Non-inter-level travel time spent in this place.
 C = Inter-level travel time spent in this place.
 D = Time resting spent in this place.
 E = Time spent auto-exploring this place.
 F = Levels seen in this place.
 G = Mean time per level.
                   A        B        C        D        E       F      G
               +--------+--------+--------+--------+--------+-----+--------+
         Total |   1417 |   1360 |     57 |    253 |    785 |   3 |  472.3 |
       Dungeon |   1417 |   1360 |     57 |    253 |    785 |   3 |  472.3 |
               +--------+--------+--------+--------+--------+-----+--------+

Top non-repeatable levels by time:
     D:1: 813 daAuts
     D:2: 468 daAuts
     D:3: 135 daAuts
